Map: Efflorescence LE

Players

kasm

  • Race: Protoss Protoss
  • League: Diamond
  • Spawn Location: 3:00

PeLLy

  • Race: Zerg Zerg
  • League: Diamond
  • Spawn Location: 12:00

xXeBoLaXx - Winner!

  • Race: Protoss Protoss
  • League: Diamond
  • Spawn Location: 9:00

raveN - Winner!

  • Race: Zerg Zerg
  • League: Diamond
  • Spawn Location: 6:00

VOD

Have the link to the VOD?

Description

Time

  • Played on: Aug. 16, 2019, 1:22 p.m.
  • Length: 4:51
Show
View Real Time Build Order
Export as new Build Order

kasm Protoss 

Build Orders: Nexus First 

Get SALT Encoding   

  12  0:01  Probe  
  13  0:13  Probe  
  14  0:20  Pylon  
  14  0:27  Probe  
  15  0:42  Probe  
  16  0:50  Probe  
  17  1:02  Nexus  
  17  1:12  Gateway  
  17  1:17  Probe  
  18  1:29  Gateway  
  18  1:30  Probe  
  19  1:33  Assimilator  
  19  1:39  Assimilator  
  19  1:45  Probe  
  20  1:53  Probe  
  21  2:05  Probe  
  21  2:08  Cybernetics Core  
  22  2:22  Probe  
  23  2:25  Zealot x2  
  27  2:41  Pylon  
  27  2:51  Stalker x2  
  31  3:15  Probe  
  31  3:16  Probe  
  33  3:21  Stalker x2  
  33  3:23  Forge  
  33  3:26  Probe  
  37  3:31  Probe  
  37  3:34  Probe  
  40  3:44  Probe  
  40  3:47  Probe  
  42  3:59  Adept  
  42  4:02  Probe  
  41  4:06  Twilight Council  
  41  4:08  Stargate  
  41  4:13  Shield Battery  
  41  4:16  Pylon  
Show
View Real Time Build Order
Export as new Build Order

PeLLy Zerg 

Build Orders: Hatch First 

Get SALT Encoding   

  12  0:02  Drone  
  13  0:13  Overlord  
  13  0:19  Drone  
  14  0:32  Drone  
  14  0:33  Drone  
  16  0:37  Drone  
  17  0:55  Hatchery  
  16  0:58  Drone  
  17  1:05  Drone  
  18  1:16  Spawning Pool  
  17  1:20  Extractor  
  17  1:21  Drone  
  17  1:30  Drone  
  17  1:32  Drone  
  19  1:57  Overlord  
  19  1:58  Drone  
  20  2:04  Drone  
  20  2:08  Queen x2  
  23  2:09  Zergling x2  
  26  2:24  Drone  
  26  2:25  Drone x2  
  29  2:32  Drone  
  29  2:37  Extractor, Roach Warren  
  28  3:13  Drone x2  
  28  3:16  Overlord  
  30  3:32  Overlord x2  
  30  3:44  Hatchery  
  30  3:48  Roach x4  
  38  4:00  Spine Crawler  
  37  4:03  Spine Crawler  
  37  4:06  Spine Crawler, Roach x3  
  41  4:10  Ravager x4  
Show
View Real Time Build Order
Export as new Build Order

xXeBoLaXx Protoss - Winner!

Build Orders:  

Get SALT Encoding   

  1  0:00  Probe  
  12  0:05  Probe  
  14  0:15  Probe  
  15  0:31  Pylon  
  15  0:49  Probe  
  16  0:50  Gateway  
  16  0:57  Forge  
  16  1:01  Probe  
  16  1:03  Assimilator  
  17  1:14  Probe  
  18  1:26  Probe  
  19  1:37  Cybernetics Core  
  19  1:38  Probe  
  19  1:39  Pylon  
  20  1:44  Pylon  
  20  1:51  Probe  
  21  2:03  Probe, Photon Cannon  
  21  2:06  Photon Cannon  
  22  2:16  Photon Cannon  
  22  2:28  Pylon  
  22  2:48  Sentry, Photon Cannon  
  22  2:50  Photon Cannon  
  22  2:52  Photon Cannon  
  23  3:20  Nexus  
  23  3:21  Pylon  
  23  3:24  Probe  
  24  3:29  Pylon  
  24  3:30  Stalker  
  24  3:35  Twilight Council  
  24  3:36  Probe  
  27  3:54  Probe  
  28  3:56  Assimilator  
  28  4:05  Stalker  
  28  4:06  Probe  
  31  4:18  Probe  
  32  4:34  Probe x2  
  36  4:46  Pylon  
  36  4:51  Gateway  
Show
View Real Time Build Order
Export as new Build Order

raveN Zerg - Winner!

Build Orders: Pool First 

Get SALT Encoding   

  12  0:01  Drone  
  13  0:14  Overlord  
  13  0:18  Drone  
  14  0:32  Drone x2  
  16  0:36  Drone  
  17  0:48  Drone  
  18  0:50  Extractor  
  17  0:57  Drone  
  17  1:02  Spawning Pool  
  17  1:08  Drone  
  18  1:13  Evolution Chamber  
  17  1:31  Hatchery  
  16  1:43  Overlord  
  16  1:49  Queen  
  18  1:56  Zerg Melee Weapons Level 1  
  18  2:01  Zergling x2  
  19  2:04  Zergling x2  
  19  2:08  Zergling x2  
  21  2:20  Zergling x2  
  22  2:28  Zergling x2  
  23  2:31  Metabolic Boost  
  23  2:35  Zergling x2  
  24  2:49  Zergling x4  
  26  2:53  Queen  
  28  2:59  Overlord, Zergling x2  
  28  3:01  Zergling x2  
  30  3:09  Zergling x6  
  33  3:13  Zergling x2  
  34  3:21  Zergling x4  
  36  3:28  Zergling x2  
  36  3:32  Zergling x2  
  36  3:33  Zergling x4  
  40  3:39  Zergling x4  
  41  3:51  Zergling x4  
  43  4:09  Overlord x3  
  39  4:27  Zergling x12  
Tags
 
Add a new tag
Caveats
  • Supply blocks, unpowered buildings, or Contaminate may cause inaccurate times.
  • Supply counts are checked every 10 seconds.